 Dungeon Crawl Stone Soup version 0.26-a0-1058-g8dc6ce00ff (webtiles) character file.

Game seed: 11820914118169045559

1071 Delamore the Basher (level 8, -5/49 HPs)
             Began as a Gargoyle Fighter on Dec 13, 2020.
             Was a Believer of Qazlal.
             Killed from afar by a white imp (10 damage)
             ... with a puff of frost
             ... on level 5 of the Dungeon.
             The game lasted 00:05:58 (4067 turns).

Delamore the Basher (Gargoyle Fighter)              Turns: 4067, Time: 00:05:59

Health: -5/49      AC: 15    Str: 22    XL:     8   Next: 28%
Magic:  8/8        EV:  8    Int:  9    God:    Qazlal [**....]
Gold:   186        SH: 13    Dex:  9    Spells: 7/7 levels left

rFire    . . .     SeeInvis .   a - +0 flail
rCold    x . .     Faith    .   c - +1 kite shield
rNeg     + + .     Spirit   .   b - +0 scale mail
rPois    ∞         Reflect  .   r - +0 helmet of Supple Strength {rC- rN+ Will++ Stlth+}
rElec    +         Harm     .   s - +0 cloak
rCorr    .         Rampage  .   (no gloves)
Will     ++...                  (no boots)
Stlth    +.........             (no amulet)
HPRegen  0.16/turn              (no ring)
MPRegen  0.11/turn              (no ring)

@: no status effects
A: negative energy resistance 1, electricity resistance, unbreathing,
petrification resistance, rot immunity, AC +5
a: Upheaval, Renounce Religion


You were on level 5 of the Dungeon.
You worshipped Qazlal.
Qazlal was pleased with you.
You visited 1 branch of the dungeon, and saw 5 of its levels.

You collected 186 gold pieces.

Inventory:

Hand Weapons
 a - a +0 flail (weapon)
 w - a +1 whip of freezing
Missiles
 q - 6 javelins (quivered)
 v - a throwing net
Armour
 b - a +0 scale mail (worn)
 c - a +1 kite shield (worn)
 r - the +0 helmet of Supple Strength (worn) {rC- rN+ Will++ Stlth+}
   (You took it off Robin on level 2 of the Dungeon)

   It makes you vulnerable to cold.
   It protects you from negative energy.
   It affects your willpower, your defense against some magical effects.
   It makes you more stealthy.
 s - a +0 cloak (worn)
Jewellery
 x - a +6 ring of strength
Scrolls
 e - 4 scrolls of remove curse
 h - 4 scrolls of enchant armour
 j - a scroll of immolation
 m - 2 scrolls of amnesia
 p - 2 scrolls of identify
 u - a scroll of fear
Potions
 d - 3 potions of might
 f - 3 potions of heal wounds
 g - a potion of brilliance {unknown}
 i - 2 potions of attraction {unknown}
 k - a potion of magic {unknown}
 l - 2 potions of curing {unknown}
 n - a potion of lignification {unknown}
 o - a potion of berserk rage {unknown}
 t - a potion of haste {unknown}


   Skills:
 - Level 5.0 Fighting
 + Level 8.0 Maces & Flails
 - Level 4.0 Armour
 - Level 0.6 Dodging
 - Level 5.0 Shields


You had 7 spell levels left.
You didn't know any spells.
Your spell library was empty.

Dungeon Overview and Level Annotations

Branches:
Dungeon (5/15)
 Temple: D:4-7

Altars:
Ashenzari
Qazlal
Vehumet
Wu Jian


Innate Abilities, Weirdness & Mutations

You are resistant to torment.
Your stone body is resilient. (AC +5)
You are immune to poison.
You resist negative energy. (rN+)
You are resistant to electric shocks. (rElec)
You can survive without breathing.
You are immune to petrification.
You are immune to rotting.


Message History

The white imp hits you. The white imp freezes you!
You feel a terrible chill!
You completely miss the white imp.
The white imp is severely wounded.
You block the white imp's attack.
Your +1 whip of freezing stops glowing.
a - a +0 flail (weapon)
You barely miss the white imp.
The white imp is severely wounded.
The white imp gestures at you. The puff of frost hits you!!
You feel a terrible chill!
* * * LOW HITPOINT WARNING * * *
You barely miss the white imp.
The white imp is severely wounded.
The white imp hits you but does no damage.
You closely miss the white imp.
The white imp is severely wounded.
You block the white imp's attack. The white imp gestures at you.
The puff of frost hits you!
You feel a terrible chill!
You die...

...>......#####
#####......$...
#######..#..>.#..
..$)....###.#.#
.######..# ...#
#.....#.##...
#.###.#.# ###.
#5# # #@#
#.......#
###........
###.###### #.#
#.# #.. ###


You could see a white imp.

Vanquished Creatures
  Pikel (D:4)
  Menkaure (D:4)
  An ogre (D:4)
  2 lemures
  A scorpion (D:2)
  A water moccasin skeleton (D:4)
  An orc wizard (D:3)
  2 worker ants (D:4)
  Robin (D:2)
  A worker ant zombie (D:3)
  7 adders
  3 gnolls (D:4)
  3 worms
  2 dart slugs
  7 leopard geckos
  6 orcs
  2 ball pythons (D:2)
  11 giant cockroaches
  15 goblins
  10 hobgoblins
  5 jackals
  9 kobolds
  A quokka (D:2)
  8 bats
  8 frilled lizards
  7 rats
116 creatures vanquished.

Notes
Turn   | Place    | Note
-------+----------+-------------------------------------------
     0 | D:1      | Delamore the Gargoyle Fighter began the quest for the Orb.
     0 | D:1      | Reached XP level 1. HP: 14/14 MP: 1/1
   129 | D:1      | Reached XP level 2. HP: 19/19 MP: 2/2
   779 | D:2      | Reached XP level 3. HP: 23/23 MP: 3/3
   938 | D:2      | Noticed a scorpion
   948 | D:2      | Killed a scorpion
   949 | D:2      | Reached XP level 4. HP: 17/29 MP: 4/4
  1090 | D:2      | Found a stormy altar of Qazlal.
  1092 | D:2      | Noticed an earth elemental
  1092 | D:2      | Noticed a water elemental
  1093 | D:2      | Noticed an air elemental
  1093 | D:2      | Noticed a fire elemental
  1126 | D:2      | Became a worshipper of Qazlal Stormbringer
  1208 | D:2      | Reached skill level 3 in Maces & Flails
  1476 | D:2      | Identified the cursed +0 helmet of Supple Strength {rC- rN+
                  | Will++ Stlth+}
  1476 | D:2      | Noticed Robin
  1508 | D:2      | Reached XP level 5. HP: 33/33 MP: 5/5
  1517 | D:1      | Reached * piety under Qazlal
  1535 | D:2      | Killed Robin
  2316 | D:3      | Found an ornate altar of the Wu Jian Council.
  2386 | D:3      | Reached XP level 6. HP: 33/39 MP: 6/6
  2916 | D:4      | Noticed Pikel
  2923 | D:4      | Noticed Menkaure
  3039 | D:3      | Reached skill level 4 in Maces & Flails
  3186 | D:4      | Killed Pikel
  3187 | D:4      | Reached skill level 5 in Fighting
  3187 | D:4      | Reached skill level 6 in Maces & Flails
  3187 | D:4      | Reached skill level 5 in Shields
  3187 | D:4      | Reached XP level 7. HP: 27/44 MP: 7/7
  3228 | D:3      | Reached ** piety under Qazlal
  3260 | D:4      | Reached skill level 7 in Maces & Flails
  3403 | D:4      | Reached XP level 8. HP: 47/49 MP: 8/8
  3532 | D:4      | Found a radiant altar of Vehumet.
  3569 | D:4      | Killed Menkaure
  3597 | D:4      | Reached skill level 8 in Maces & Flails
  3651 | D:4      | Found a broken altar of Ashenzari.
  4029 | D:5      | Entered Level 5 of the Dungeon
  4067 | D:5      | Killed from afar by a white imp

Illustrated notes

Levels and vault maps discovered:
D:1:      minmay_arrival_four_houses, layout_loops_cross
D:2:      minmay_thinvault, layout_basic, nicolae_qazlal_style_of_elements,
          minmay_quantized, uniq_robin
D:3:      layout_loops_ring, lemuel_doored_altar
D:4:      layout_loops_ring, kennysheep_mini_moat, general_overflow_altar,
          portal_sewer_entry_f, uniq_pikel, uniq_menkaure
D:5:      layout_loops_ring, hellmonk_ghost_happy_afterlife, serial_shops,
          nicolae_shop_waterfront, nicolae_ossuary_entry_giza,
          minmay_misc_feat_enclosed, minivault_14, st_stairs_6,
          chequers_serial_rivers_micro_d, uniq_duvessa

Skill      XL: |  1  2  3  4  5  6  7  8 |
---------------+-------------------------+-----
Armour         | 4 |  4.0
Maces & Flails | 3 6 7 8 |  8.0
Shields        | 4 5 |  5.0
Fighting       | 4 5 |  5.0
Dodging        | |  0.6

Action                   |  1- 3 |  4- 6 |  7- 9 || total
-------------------------+-------+-------+-------++-------
Melee: Flail             |    99 |   353 |    17 ||   469
       Whip              |       |       |    68 ||    68
Throw: Javelin           |       |     5 |       ||     5
  Use: Scroll            |       |       |     5 ||     5
Armor: Scale mail        |    50 |   188 |    21 ||   259
Dodge: Dodged            |    34 |   110 |    17 ||   161
Block: Kite shield       |    50 |   229 |    31 ||   310

Table legend: (Time is in decaauts)
 A = Elapsed time spent in this place.
 B = Non-inter-level travel time spent in this place.
 C = Inter-level travel time spent in this place.
 D = Time resting spent in this place.
 E = Time spent auto-exploring this place.
 F = Levels seen in this place.
 G = Mean time per level.
                   A        B        C        D        E       F      G
               +--------+--------+--------+--------+--------+-----+--------+
         Total |   4206 |   3997 |    209 |      9 |   2869 |   5 |  841.2 |
       Dungeon |   4206 |   3997 |    209 |      9 |   2869 |   5 |  841.2 |
               +--------+--------+--------+--------+--------+-----+--------+

Top non-repeatable levels by time:
     D:2: 1375 daAuts
     D:4: 1065 daAuts
     D:3: 938 daAuts
     D:1: 791 daAuts
     D:5: 35 daAuts
